[Event "RUS-ch Blitz 2021"]
[Site "Sochi"]
[Date "2021.10.11"]
[Round "13.10"]
[White "Sjugirov, Sanan"]
[Black "Matinian, Nikita"]
[Result "1-0"]
[ECO "A41"]
[WhiteElo "2663"]
[BlackElo "2454"]
[Annotator "ChessBase"]
[PlyCount "75"]
[EventDate "2021.10.11"]
[EventType "blitz"]
[EventCountry "RUS"]
[SourceTitle "playchess.com"]
[Source "ChessBase"]
[SourceQuality "1"]
[TimeControl "180+2"]

1. d4 d6 2. Nf3 g6 3. c4 Bg7 4. Nc3 Nc6 5. d5 Ne5 6. Nxe5 Bxe5 7. e4 Nf6 8.
Bd3 c6 9. O-O Bd7 10. h3 cxd5 11. exd5 Rc8 12. Bh6 Bf5 13. Re1 Qc7 14. Bf1 Rg8 15. Bg5 h6 16. Be3 a6 17. Rc1 g5 18. Bd4 Bxd4 19. Qxd4 Kf8 20. b4 g4 21. h4 g3 22. f3 Rg6 23. Re3 Qd8 24. Rce1 Rc7 25.
Qf4 Bc8 26. Bd3 Rg7 27. Qxh6 b5 28. c5 dxc5 29. bxc5 Rxc5 30. Rxe7 Rxc3 31. Qxf6 Rxd3 32. Re8+ Qxe8 33. Qd6+ Kg8 34. Rxe8+ Kh7 35. Kf1 Bh3 36. Ke2 Rc3 37. Qe5 Rc2+ 38. Kd3 1-0

[Event "RUS-ch Blitz 2021"]
[Site "Sochi"]
[Date "2021.10.11"]
[Round "13.11"]
[White "Kokarev, Dmitry"]
[Black "Khanin, Semen"]
[Result "1-0"]
[ECO "A26"]
[WhiteElo "2579"]
[BlackElo "2521"]
[Annotator "ChessBase"]
[PlyCount "103"]
[EventDate "2021.10.11"]
[EventType "blitz"]
[EventCountry "RUS"]
[SourceTitle "playchess.com"]
[Source "ChessBase"]
[SourceQuality "1"]
[TimeControl "180+2"]

1. c4 e5 2. d3 Nf6 3. Nf3 Nc6 4. a3 a5 5. g3 g6 6. Bg2 Bg7 7. Nc3 O-O 8. O-O d6 9. Rb1 h6 10. b4 axb4 11. axb4 Be6 12. Nd2 Rb8 13. b5 Ne7 14. e4 Nd7 15.
Nd5 Nc5 16. Nb3 Nxb3 17. Qxb3 f5 18. exf5 Nxf5 19. Bb2 Qd7 20. Bc3 Kh7 21. Qb2 c6 22. Ne3 Nxe3 23. fxe3 Rxf1+ 24. Bxf1 Rf8 25. bxc6 bxc6 26. Qb7 Rf7 27. Qxd7 Rxd7 28. Rb6 c5 29. Bg2 Bf5 30. Bc6 Ra7 31. e4 Bh3 32. Bd5 Ra3 33. Be1 Rxd3 34. Kf2 Ra3 35. Rxd6 Ra2+ 36. Ke3 h5 37. Kd3 Rxh2 38. Rc6 Bf1+ 39. Kc3 Rg2 40. Rxc5 Bf6 41. Rc7+ Kh6 42. Rf7 Re2 43. Bd2+ Rxd2 44. Kxd2 Bg5+ 45. Ke1 Bd3 46. c5 h4 47. gxh4 Bxh4+ 48. Kd2 Bb5 49. c6 Bg5+ 50. Kc3 Bxc6 51. Bxc6 Bf4 52. Bd7 1-0

[Event "RUS-ch Blitz 2021"]
[Site "Sochi"]
[Date "2021.10.11"]
[Round "13.12"]
[White "Afanasiev, Nikita"]
[Black "Zakaryan, David"]
[Result "1-0"]
[ECO "A33"]
[WhiteElo "2560"]
[BlackElo "2283"]
[Annotator "ChessBase"]
[PlyCount "91"]
[EventDate "2021.10.11"]
[EventType "blitz"]
[EventCountry "RUS"]
[SourceTitle "playchess.com"]
[Source "ChessBase"]
[SourceQuality "1"]
[TimeControl "180+2"]

1. c4 e6 2. Nf3 Nf6 3. g3 c5 4. Bg2 Be7 5. O-O O-O 6. d4 cxd4 7. Nxd4 Nc6 8. Nc3 a6 9. Bf4 Qa5 10. Rc1 Rd8 11. Nb3 Qh5 12. Bd6 Bxd6 13.
Qxd6 Ne8 14. Qf4 d6 15. Na4 Qe5 16. Nb6 Rb8 17. Rc2 Qxf4 18.
gxf4 Kf8 19. Rd2 Ke7 20. Rfd1 Nc7 21. Nd4 Nxd4 22. Rxd4 Na8 23. Nxc8+ Rdxc8 24. Rxd6 Rc7 25. b3 Rbc8 26. e3 g6 27. h4 h5 28. Bf3 Kf6 29. Kg2 Ke7 30. Kg3 Kf6 31. Be2 Ke7 32. b4 Rb8 33.
c5 Rbc8 34. a4 a5 35. bxa5 Rxc5 36. a6 bxa6 37. Bxa6 R8c7 38. Bb5 Kf6 39. Ra6 Rc8 40. Rd7 Nc7 41. Ra7 e5 42. fxe5+ Ke6 43. f4 Rc3 44. Kf3 f6 45. Rd6+ Ke7 46. Rxf6 1-0

[Event "RUS-ch Blitz 2021"]
[Site "Sochi"]
[Date "2021.10.11"]
[Round "13.13"]
[White "Kezin, Roman"]
[Black "Mikhailovsky, Vladimir"]
[Result "1-0"]
[ECO "E61"]
[WhiteElo "2492"]
[BlackElo "2184"]
[Annotator "ChessBase"]
[PlyCount "83"]
[EventDate "2021.10.11"]
[EventType "blitz"]
[EventCountry "RUS"]
[SourceTitle "playchess.com"]
[Source "ChessBase"]
[SourceQuality "1"]
[TimeControl "180+2"]

1. d4 d6 2. Nf3 Nf6 3. c4 g6 4. Nc3 Bf5 5. d5 Bg7 6. Nd4 Bd7 7. e4 c5 8. Nc2 a6 9. a4 a5 10. Be2 O-O 11. O-O e5 12. f4 exf4 13. Bxf4 Qe7 14. Bf3 Na6 15. Qd2 Nb4 16. Rae1 Ne8 17. Na3 Be5 18. g3 Bh3 19. Bg2 Bxg2 20. Kxg2 Ng7 21. Nab5 Rae8 22. Bxe5 Qxe5 23. Rf3 Re7 24. Qf4 Rd8 25. Ref1 f5 26. Qxe5 Rxe5 27. exf5 Nxf5 28. Kg1 h5 29. Nc7 Nc2 30. Ne6 Rd7 31. Nb5 Nce3 32. Rc1 Ng4 33. h3 Ngh6 34. Rcf1 Rf7 35. R1f2 Rd7 36. b3 Re1+ 37. Kh2 Re5 38. Rf4 Re3 39. g4 hxg4 40. hxg4 Ng7 41. Rf8+ Kh7 42. Ng5# 1-0

[Event "RUS-ch Blitz 2021"]
[Site "Sochi"]
[Date "2021.10.11"]
[Round "13.14"]
[White "Gutenev, Alexander"]
[Black "Zakhartsov, Vladimir"]
[Result "0-1"]
[ECO "B27"]
[WhiteElo "2455"]
[BlackElo "2514"]
[Annotator "ChessBase"]
[PlyCount "75"]
[EventDate "2021.10.11"]
[EventType "blitz"]
[EventCountry "RUS"]
[SourceTitle "playchess.com"]
[Source "ChessBase"]
[SourceQuality "1"]
[TimeControl "180+2"]

1. e4 c5 2. Nf3 g6 3. d4 cxd4 4. Qxd4 Nf6 5. Nc3 Nc6 6. Qa4 Qc7 7. g3 Bg7 8. Bf4 Qb6 9. Qb5 Qxb5 10. Bxb5 O-O 11. O-O-O d6 12. Bxc6 bxc6 13. e5 dxe5 14. Nxe5 Ng4 15. Nd3 Bf5 16. h3 Bxd3 17. hxg4 Bc4 18. Bh6 Rfd8 19. Bxg7 Kxg7 20. Rde1 Rd7 21. g5 f6 22. Rh4 Bf7 23. Reh1 Bg8 24. gxf6+ exf6 25. Re1 Rad8 26. Rhe4 Kf8 27. b3 g5 28. Na4 Rd2 29. R4e2 Rxe2 30. Rxe2 h5 31. Nc5 Rd5 32. b4 a5 33. a3 axb4 34. axb4 h4 35. gxh4 gxh4 36. Re3 Rh5 37. Ne4 h3 38. Ng3 0-1

[Event "RUS-ch Blitz 2021"]
[Site "Sochi"]
[Date "2021.10.11"]
[Round "13.15"]
[White "Samusenko, Maksim"]
[Black "Bocharov, Dmitry"]
[Result "0-1"]
[ECO "B93"]
[WhiteElo "2461"]
[BlackElo "2517"]
[Annotator "ChessBase"]
[PlyCount "72"]
[EventDate "2021.10.11"]
[EventType "blitz"]
[EventCountry "RUS"]
[SourceTitle "playchess.com"]
[Source "ChessBase"]
[SourceQuality "1"]
[TimeControl "180+2"]

1. e4 c5 2. Nf3 d6 3. d4 cxd4 4. Nxd4 Nf6 5. Nc3 a6 6. f4 Qc7 7. Bd3 g6 8. O-O Bg7 9. Kh1 O-O 10. Nf3 Nbd7 11. Qe1 Nc5 12. Qh4 e6 13. Be3 b5 14. Bd4 Nh5 15. a3 Bb7 16. Rae1 e5 17. fxe5 dxe5 18. Be3 Nf4 19. Bxf4 exf4 20. e5 Nxd3 21. cxd3 Bxf3 22. Rxf3 Bxe5 23. Nd5 Qd6 24. Rxe5 Qxe5 25. Nf6+ Kg7 26. Ng4 Qxb2 27. Qh6+ Kg8 28. h4 f5 29. Nf2 Rae8 30. Nh3 Re1+ 31. Kh2 Qa1 32. Nxf4 Rh1+ 33. Kg3 Qe1+ 34. Rf2 Rf1 35. Nh3 Rxf2 36. Nxf2 f4+ 0-1

[Event "RUS-ch Blitz 2021"]
[Site "Sochi"]
[Date "2021.10.11"]
[Round "13.16"]
[White "Gavrilov, Oleg"]
[Black "Nesterov, Arseniy"]
[Result "1/2-1/2"]
[ECO "D02"]
[WhiteElo "2356"]
[BlackElo "2514"]
[Annotator "ChessBase"]
[PlyCount "65"]
[EventDate "2021.10.11"]
[EventType "blitz"]
[EventCountry "RUS"]
[SourceTitle "playchess.com"]
[Source "ChessBase"]
[SourceQuality "1"]
[TimeControl "180+2"]

1. d4 d5 2. Bf4 Nf6 3. e3 Bf5 4. Bd3 Bg6 5. Nf3 e6 6. O-O Bd6 7. Ne5 O-O 8. Nxg6 hxg6 9. c3 c5 10. Bxd6 Qxd6 11. Nd2 Nc6 12. Nf3 Rab8 13. Qe2 a6 14. dxc5 Qxc5 15. c4 Rfd8 16. Rfd1 Rbc8 17. cxd5 Rxd5 18. Rac1 Qb6 19. a3 Rcd8 20. b4 R8d7 21. Bc4 Rxd1+ 22. Rxd1 Qd8 23. Rxd7 Qxd7 24. h3 Qd6 25. Qd3 Qxd3 26. Bxd3 Kf8 27. Kf1 Ke7 28. Ke2 Kd6 29. Ng5 Ke7 30. Kd2 Nd5 31. Be4 Ne5 32. Bxd5 exd5 33. Kc3 1/2-1/2

[Event "RUS-ch Blitz 2021"]
[Site "Sochi"]
[Date "2021.10.11"]
[Round "13.17"]
[White "Popov, Valerij"]
[Black "Faizrakhmanov, Ramil"]
[Result "1/2-1/2"]
[ECO "D37"]
[WhiteElo "2537"]
[BlackElo "2483"]
[Annotator "ChessBase"]
[PlyCount "73"]
[EventDate "2021.10.11"]
[EventType "blitz"]
[EventCountry "RUS"]
[SourceTitle "playchess.com"]
[Source "ChessBase"]
[SourceQuality "1"]
[TimeControl "180+2"]

1. Nf3 Nf6 2. c4 e6 3. Nc3 d5 4. d4 a6 5. cxd5 exd5 6. Bg5 Be6 7. e3 Nbd7 8. Bd3 Bd6 9. Bf4 Bxf4 10. exf4 Bg4 11. O-O O-O 12. h3 Bxf3 13. Qxf3 c6 14. Rad1 Re8 15. g4 Nf8 16. f5 Qb6 17. g5 Ne4 18. Bxe4 dxe4 19. Nxe4 Qxb2 20. f6 g6 21. Rd2 Qb4 22. a3 Qa5 23. Rd3 Ne6 24. h4 Qd5 25. Nc5 Qxf3 26. Rxf3 Nxd4 27. Rd3 Nf5 28. Nxb7 Nxh4 29. f4 Rab8 30. Nc5 a5 31. Rfd1 h6 32. gxh6 Nf5 33. Nd7 Rbd8 34. Ne5 Rxd3 35. Rxd3 Nxh6 36. Rd6 c5 37. Rc6 1/2-1/2

[Event "RUS-ch Blitz 2021"]
[Site "Sochi"]
[Date "2021.10.11"]
[Round "13.18"]
[White "Obgolts, Erik"]
[Black "Zubritskiy, Artyom"]
[Result "0-1"]
[ECO "E18"]
[WhiteElo "2430"]
[BlackElo "2442"]
[Annotator "NA"]
[PlyCount "45"]
[EventDate "2021.10.11"]
[EventType "blitz"]
[EventCountry "RUS"]
[SourceTitle "playchess.com"]
[Source "ChessBase"]
[SourceQuality "1"]
[TimeControl "180+2"]

1. d4 e6 2. Nf3 f5 3. c4 Nf6 4. Nc3 b6 5. g3 Bb7 6. Bg2 Be7 7. O-O Ne4 8.
Bd2 O-O 9. Nxe4 Bxe4 10. Bc3 Bf6 11. Qd2 Qc8 12. Rad1 Qb7 13.
d5 Bxc3 14. Qxc3 exd5 15. cxd5 a5 16. Ne5 Bxg2 17. Kxg2 d6 18.
Nc6 Nxc6 19. dxc6 Qa6 20. e3 Rae8 21. Rd5 Qe2 22. Re1 Qg4 23.
h3 0-1

[Event "RUS-ch Blitz 2021"]
[Site "Sochi"]
[Date "2021.10.11"]
[Round "13.19"]
[White "Nozdrachev, Vladislav"]
[Black "Oganian, Miran"]
[Result "0-1"]
[ECO "B51"]
[WhiteElo "2495"]
[BlackElo "2441"]
[Annotator "ChessBase"]
[PlyCount "102"]
[EventDate "2021.10.11"]
[EventType "blitz"]
[EventCountry "RUS"]
[SourceTitle "playchess.com"]
[Source "ChessBase"]
[SourceQuality "1"]
[TimeControl "180+2"]

1. e4 c5 2. Nf3 Nc6 3. Bb5 d6 4. Bxc6+ bxc6 5. O-O Bg4 6.
h3 Bh5 7. d3 e6 8. Nbd2 Nf6 9. e5 Nd5 10. Nc4 dxe5 11. Ncxe5 Bd6 12. Re1 Qc7 13. Nc4 Bf4 14. Qe2 O-O 15. Qe4 Rae8 16. Bxf4 Nxf4 17. Nfe5 Nd5 18. Qh4 Bg6 19. Nxg6 hxg6 20. Ne5 Rb8 21. b3 Rb4 22. c4 Nf6 23. Rad1 Rd8 24. d4 cxd4 25. Rxd4 Rbb8 26. Rf4 Rd2 27. Nf3 Rd7 28. Ng5 Nh5 29. Rf3 e5 30. g4 Nf6 31. Rxf6 gxf6 32. Qh7+ Kf8 33. Ne4 Ke7 34. Qh4 Rd6 35. f4 Re6 36. f5 gxf5 37. gxf5 Rg8+ 38. Kh1 Rd6 39. c5 Rd4 40. Qxf6+ Kf8 41. Qh6+ Ke7 42. Nd6 Rd5 43. Qh4+ Kf8 44. Qh6+ Ke7 45. Nxf7 Kxf7 46. f6 Qd7 47. Qh7+ Kf8 48. Qh6+ Ke8 49. Rf1 Qf7 50. Qh4 Rd2 51. Qb4 Qd5+ 0-1

[Event "RUS-ch Blitz 2021"]
[Site "Sochi"]
[Date "2021.10.11"]
[Round "13.20"]
[White "Murzin, Volodar"]
[Black "Lobanov, Sergei"]
[Result "1-0"]
[ECO "C64"]
[WhiteElo "2513"]
[BlackElo "2501"]
[Annotator "ChessBase"]
[PlyCount "77"]
[EventDate "2021.10.11"]
[EventType "blitz"]
[EventCountry "RUS"]
[SourceTitle "playchess.com"]
[Source "ChessBase"]
[SourceQuality "1"]
[TimeControl "180+2"]

1. e4 e5 2. Nf3 Nc6 3. Bb5 a6 4. Ba4 Bc5 5. O-O Nge7 6. c3 Ba7 7. d4 Ng6 8. Bg5 f6 9. Be3 O-O 10. d5 Nce7 11. Bxa7 Rxa7 12. d6 cxd6 13. Qxd6 b5 14. Bb3+ Kh8 15. Rd1 Rc7 16. a4 Rc6 17. Qd2 Qb6 18. axb5 axb5 19. Na3 f5 20. Qe3 Qb8 21. Nc2 fxe4 22. Ng5 Rcf6 23. Nxe4 Rf4 24. g3 R4f5 25. Qa7 Qxa7 26. Rxa7 Nc6 27. Rc7 Na5 28. Bd5 Ne7 29. Ne3 Rf3 30. Nd6 Nxd5 31. Rxd5 Ba6 32. Rxe5 Rxf2 33. Rxd7 Rxb2 34. Ree7 Bc8 35. Nxc8 Rxc8 36.
Rxg7 b4 37. Rxh7+ Kg8 38. Nf5 Rc6 39. Rdg7+ 1-0

[Event "RUS-ch Blitz 2021"]
[Site "Sochi"]
[Date "2021.10.11"]
[Round "13.21"]
[White "Ivlev, Aleksey"]
[Black "Khegay, Dmitriy"]
[Result "0-1"]
[ECO "E04"]
[WhiteElo "2315"]
[BlackElo "2521"]
[Annotator "ChessBase"]
[PlyCount "86"]
[EventDate "2021.10.11"]
[EventType "blitz"]
[EventCountry "RUS"]
[SourceTitle "playchess.com"]
[Source "ChessBase"]
[SourceQuality "1"]
[TimeControl "180+2"]

1. d4 Nf6 2. c4 e6 3. g3 d5 4. Nf3 dxc4 5. Bg2 Bb4+ 6. Nbd2 b5 7. O-O Bb7 8. Qc2 Nbd7 9. a3 Be7 10. a4 a6 11. b3 cxb3 12. Nxb3 Be4 13.
Qd1 O-O 14. Bf4 c5 15. dxc5 Nxc5 16. axb5 Qxd1 17. Raxd1 Nxb3 18.
b6 Bc5 19. Ne5 Bxg2 20. Kxg2 Na5 21. Ra1 Bxb6 22. Rfb1 Bd8 23. Bd2 Bc7 24. Rxa5 Bxa5 25. Bxa5 Rfb8 26. Ra1 Rc8 27. Nd3 h6 28. Kf3 Nd5 29. e4 Ne7 30. Ke3 Nc6 31. Be1 a5 32. Ra4 Rab8 33. Nc5 Rb5 34. Nd3 Rb3 35. Ke2 Rd8 36. Nc5 Rb5 37. Nd3 Nd4+ 38. Kf1 Nc2 39. Ke2 Rxd3 40. Kxd3 Nxe1+ 41. Kc4 Rb4+ 42. Rxb4 axb4 43. Kxb4 Nd3+ 0-1

[Event "RUS-ch Blitz 2021"]
[Site "Sochi"]
[Date "2021.10.11"]
[Round "13.22"]
[White "Triapishko, Alexandr"]
[Black "Bryakin, Mikhail"]
[Result "1-0"]
[ECO "A11"]
[WhiteElo "2506"]
[BlackElo "2498"]
[Annotator "ChessBase"]
[PlyCount "127"]
[EventDate "2021.10.11"]
[EventType "blitz"]
[EventCountry "RUS"]
[SourceTitle "playchess.com"]
[Source "ChessBase"]
[SourceQuality "1"]
[TimeControl "180+2"]

1. Nf3 d5 2. g3 Nf6 3. Bg2 c6 4. c4 dxc4 5. O-O Nbd7 6. Na3 Nb6 7. Qc2 g6 8. Nxc4 Nxc4 9. Qxc4 Bg7 10. d3 O-O 11. Bd2 Be6 12. Qc2 a5 13. Bc3 Qb6 14. b3 Rfd8 15. Rab1 Qa6 16. Qb2 Bd5 17. Rfd1 Bxf3 18. Bxf3 Ne8 19. b4 axb4 20. Bxg7 Nxg7 21. Qxb4 Ra7 22. Qxe7 Re8 23. Qf6 Re6 24. Qc3 h5 25. d4 Nf5 26. d5 cxd5 27. Bxd5 Rxe2 28. Qc8+ Kg7 29. Bc4 Rc2 30. Bxa6 Rxc8 31. Bxb7 Rc2 32. Bd5 Nh6 33. Bb3 Re2 34. Re1 Rd2 35. Rbd1 Rb2 36. Rb1 Rd2 37. Red1 Re2 38. Kf1 Re5 39. Rd2 Ng4 40. h3 Nf6 41. Kg2 Rc5 42. Re1 Rf5 43.
Re3 Rc5 44. Rde2 Rc1 45. Re7 Rcc7 46. Rxc7 Rxc7 47. a4 Ra7 48. Re5 Ng8 49. a5 Ne7 50. Rc5 Kf6 51. Bc4 Nf5 52. a6 Nd6 53. Bd3 Ke6 54. f4 Ra8 55. Kf3 Ra7 56. g4 hxg4+ 57. hxg4 Ra8 58. Ke3 Ra7 59. Kd4 Ra8 60. Rc7 Rd8 61. Kc5 Ra8 62. Rc6 Rc8 63.
a7 Rxc6+ 64. Kxc6 1-0

[Event "RUS-ch Blitz 2021"]
[Site "Sochi"]
[Date "2021.10.11"]
[Round "13.23"]
[White "Moiseenko, Vadim"]
[Black "Babanin, Gleb"]
[Result "1-0"]
[ECO "B90"]
[WhiteElo "2542"]
[BlackElo "2094"]
[Annotator "ChessBase"]
[PlyCount "53"]
[EventDate "2021.10.11"]
[EventType "blitz"]
[EventCountry "RUS"]
[SourceTitle "playchess.com"]
[Source "ChessBase"]
[SourceQuality "1"]
[TimeControl "180+2"]

1. e4 c5 2. Nf3 d6 3. d4 cxd4 4. Nxd4 Nf6 5. Nc3 a6 6. a3 e5 7. Nf5 d5 8. Bg5 d4 9. Bxf6 gxf6 10. Nb1 Be6 11. Bd3 h5 12. O-O Nd7 13.
Nd2 b5 14. a4 Nc5 15. axb5 Nxd3 16. cxd3 axb5 17. Rxa8 Qxa8 18.
f4 Qa2 19. Qc1 Kd7 20. Nf3 Bd6 21. Nxd6 Kxd6 22. fxe5+ fxe5 23. Nxe5 Rc8 24. Nxf7+ Kd7 25. Ne5+ Kd6 26. Qf4 Rc2 27. Nc4+ 1-0

[Event "RUS-ch Blitz 2021"]
[Site "Sochi"]
[Date "2021.10.11"]
[Round "13.24"]
[White "Potapov, Pavel"]
[Black "Shcherbin, Matvei"]
[Result "1/2-1/2"]
[ECO "B22"]
[WhiteElo "2481"]
[BlackElo "2366"]
[Annotator "ChessBase"]
[PlyCount "71"]
[EventDate "2021.10.11"]
[EventType "blitz"]
[EventCountry "RUS"]
[SourceTitle "playchess.com"]
[Source "ChessBase"]
[SourceQuality "1"]
[TimeControl "180+2"]

1. e4 c5 2. c3 d5 3. exd5 Qxd5 4. d4 Nf6 5. Nf3 Bg4 6. Be2 e6 7. O-O Nc6 8. h3 Bh5 9. Be3 cxd4 10. cxd4 Be7 11. Nc3 Qd6 12. Qb3 O-O 13. Rfd1 Nb4 14. Rac1 Nbd5 15. Bg5 Qb4 16. Qxb4 Bxb4 17. Bxf6 Nxf6 18. g4 Bg6 19. Ne5 Rfd8 20. Bf3 Bxc3 21. Rxc3 Rac8 22. Bxb7 Rxc3 23. bxc3 Rb8 24. Bf3 Rb2 25. c4 Rxa2 26. c5 Kf8 27. Nxg6+ hxg6 28. Rb1 Nd5 29. Bxd5 exd5 30. Rb8+ Ke7 31. Rb7+ Ke8 32. c6 Rc2 33. Rxa7 Rxc6 34. Ra5 Rd6 35. Kg2 Ke7 36. Kf3 1/2-1/2